 Dungeon Crawl Stone Soup version 0.29-a0-563-g64e4043184 (webtiles) character file.

Game seed: 16899021645022921903

74 spiderkeys the Ducker (level 4, -1/27 HPs)
             Began as a Deep Elf Abyssal Knight on June 12, 2022.
             Was a Priest of Lugonu.
             Slain by an orc
             ... wielding a +2 war axe of electrocution
              (19 damage)
             ... on level 3 of the Dungeon.
             The game lasted 00:03:22 (1683 turns).

spiderkeys the Ducker (Deep Elf Abyssal Knight)     Turns: 1683, Time: 00:03:22

Health: -1/27      AC:  3    Str: 10    XL:     4   Next: 9%
Magic:  9/9        EV: 12    Int: 17    God:    Lugonu [***...]
Gold:   141        SH:  0    Dex: 15    Spells: 7/7 levels left

rFire   . . .      SeeInvis .   l - +0 quarterstaff
rCold   . . .      Faith    .   (shield currently unavailable)
rNeg    . . .      Spirit   .   b - +0 leather armour
rPois   .          Reflect  .   (no helmet)
rElec   .          Harm     .   (no cloak)
rCorr   .          Rampage  .   (no gloves)
Will    .....                   (no boots)
Stlth   +.........              g - amulet of regeneration
HPRegen 0.89/turn               (no ring)
MPRegen 0.11/turn               (no ring)

@: no status effects
A: no striking features
a: Renounce Religion, Depart the Abyss, Bend Space, Banish


You were on level 3 of the Dungeon.
You worshipped Lugonu.
Lugonu was most pleased with you.
You visited 1 branch of the dungeon, and saw 3 of its levels.
You visited the Abyss 1 time.

You collected 141 gold pieces.


   Skills:
 + Level 2.8 Fighting
 - Level 2.4 Short Blades
 + Level 0.6 Staves
 - Level 0.7 Armour
 + Level 3.2 Dodging
 + Level 2.0 Spellcasting
 + Level 2.6 Invocations


You had 7 spell levels left.
You didn't know any spells.
Your spell library was empty.

Inventory:

Hand Weapons
 a - a +1 short sword
 l - a +0 quarterstaff (weapon)
   (You found it on level 2 of the Dungeon)
Missiles
 c - 63 stones
 m - 3 poisoned darts
Armour
 b - a +0 leather armour (worn)
 f - a +0 leather armour
   (You found it on level 1 of the Dungeon)
 j - a +0 leather armour
   (You found it on level 1 of the Dungeon)
 p - a +0 ring mail
   (You took it off an orc on level 2 of the Dungeon)
Jewellery
 g - an amulet of regeneration (around neck)
   (You found it on level 2 of the Dungeon)
Scrolls
 d - 5 scrolls of identify {unknown}
 h - 2 scrolls of teleportation {unknown}
 n - 2 scrolls of blinking {unknown}
 o - 2 scrolls of poison {unknown}
Potions
 e - 3 potions of brilliance {unknown}
 i - a potion of degeneration {unknown}
 k - a potion of heal wounds {unknown}

Dungeon Overview and Level Annotations

Branches:
Dungeon (3/15)

Altars:

Shops:
D:2

:( # #.
###.#+#####
#......oo@#
#......o###
#.....o.#
#####..##
....#
.......
oo..o....
........$#
..........


You could see 4 orcs.


Message History

The adder poisons you! The adder misses you. 😕 HP[-1]
You take 1 damage, and now have 21/22 hp.
You hit the adder.
You feel sick. The adder bites you. x2
You are more poisoned.
The adder poisons you! 😮 HP[-5]
You take 5 damage, and now have 16/22 hp.
MASSIVE DAMAGE!! (PAUSE)
You hit the adder.
You kill the adder!
Lugonu accepts your kill.
You feel sick.
Your Spellcasting skill increases to level 2!
You have reached level 4!
You feel clever. 😮 HP[+4]
You now have 27 max hp (+5).
You regained 4 hp, and now have 20/27 hp.
You feel sick.
You feel sick.
You start resting.
You feel sick. x3
You are no longer poisoned.
You see here a +0 dire flail. 😕 HP[+1]
You start resting. 😎 HP[+6] MP[+1]
Your hp is fully restored (27).
o - 2 scrolls labelled PEVEGO XUVVE (gained 1) Key pressed, stopping explore.
As you open the large door, it creaks loudly!
A jackal comes into view.
The jackal barks! 😎 MP[+1]
Your mp is fully restored (9).
A jackal is nearby!
A jackal is nearby!
There is a large open door here.
The jackal misses you. The jackal closely misses you.
You barely miss the jackal. The jackal barely misses you.
The jackal closely misses you.
You sock the jackal!
You kill the jackal!
Lugonu accepts your kill.
No target in view!
No target in view!
There is a large open door here.
Key pressed, stopping explore.
Key pressed, stopping explore.
You see here a +0 dire flail.
Done exploring.
Done exploring.
There is an entrance to Eriajito's Book Shop here.
Unknown command.
Unknown command.
Done exploring.
Done exploring.
Done exploring.
Done exploring.
Done exploring.
There is a fountain of clear blue water here.
There is a stone staircase leading down here.
You climb downwards.
There is a stone staircase leading up here. 2 orcs come into view.
An orc is wielding a +2 war axe of electrocution.
The orc shouts! x2; You hear a shout!
You see here 12 gold pieces. 2 orcs come into view.
An orc is wielding a +1 short sword of draining.
The orc shouts! x2; You hear a shout!
An orc comes into view. It is wielding a +0 morningstar.
An orc wizard comes into view. It is wielding a +0 dagger.
Press: ? - help, v - describe, . - travel
Here: an orc, wielding a +2 war axe of electrocution The floor.
You see here 12 gold pieces.
There is a stone staircase leading up here.
The orc hits you with a +0 short sword.
You climb upwards.
There is a stone staircase leading down here. 😕 HP[-2]
You take 2 damage, and now have 25/27 hp.
You sock the orc!
You kill the orc!
Lugonu accepts your kill. 😎 HP[+2]
Your hp is fully restored (27).
p - a +0 ring mail You see here a +0 short sword.
There is a stone staircase leading down here.
You start waiting.
Done waiting.
You climb downwards.
The orc barely misses you.
There is a stone staircase leading up here.
You hit the orc.
The orc hits you with a +2 war axe of electrocution!
You are electrocuted!!
Ouch! That really hurt!
You die...

Skill      XL: |  1  2  3 |
---------------+----------+-----
Spellcasting   | 1 2 |  2.0
Dodging        | 3 |  3.2
Fighting       | |  2.8
Short Blades   | |  2.4
Staves         | |  0.6
Armour         | |  0.7
Invocations    | |  2.6

Action                   |  1- 3 |  4- 6 || total
-------------------------+-------+-------++-------
Melee: Short sword       |    80 |       ||    80
       Punch             |     1 |       ||     1
       Quarterstaff      |    56 |     4 ||    60
Armor: Leather armour    |    46 |       ||    46
Dodge: Dodged            |    92 |     5 ||    97

Levels and vault maps discovered:
D:1:      saegor_arrival_simple_b, layout_rooms,
          ebering_ecumenical_altar_abandoned
D:2:      layout_loops_ring, serial_shops, nicolae_shop_bloodbath_and_beyond,
          shop_fountains, kennysheep_generic_room_15
D:3:      layout_basic, grunt_temple_overflow_open, st_stairs_4

Notes
Turn   | Place    | Note
-------+----------+-------------------------------------------
     0 | Abyss:1  | spiderkeys the Deep Elf Abyssal Knight began the quest for
                  | the Orb.
     0 | Abyss:1  | Reached XP level 1. HP: 13/13 MP: 4/4
     0 | Abyss:1  | magus.rc [v1.11.3]
     8 | D:1      | You pass through the gate.
     8 | D:1      | Escaped the Abyss
   122 | D:1      | HP: 3/13 [quokka (3)]
   420 | D:1      | Reached XP level 2. HP: 16/18 MP: 5/5
   460 | D:1      | Found a faded altar of an unknown god.
   464 | D:1      | Reached skill level 1 in Spellcasting
   797 | D:2      | Reached XP level 3. HP: 19/22 MP: 7/7
   859 | D:2      | Reached skill level 3 in Dodging
  1183 | D:2      | Found Geicil's Weapon Boutique.
  1326 | D:2      | Found Eriajito's Book Shop.
  1340 | D:2      | Reached *** piety under Lugonu
  1390 | D:2      | Reached skill level 2 in Spellcasting
  1390 | D:2      | Reached XP level 4. HP: 20/27 MP: 7/9
  1683 | D:3      | Slain by an orc

Vanquished Creatures
  2 adders (D:2)
  A worm (D:2)
  A dart slug (D:2)
  An orc (D:2)
  9 ball pythons
  4 endoplasms
  2 giant cockroaches
  5 goblins
  3 hobgoblins
  5 jackals
  2 kobolds
  A quokka (D:1)
  4 bats
  A frilled lizard (D:1)
  3 rats
44 creatures vanquished.

Table legend:
 A = Non-vault XP
 B = Vault XP
 C = Vault XP percentage of total XP
 D = Non-vault monster count
 E = Vault monster count
 F = Vault count percentage of total count
                 A         B        C        D         E       F
            +---------+---------+-------+---------+---------+-------
      Total |     104 |       2 |   1.9 |      43 |       1 |   2.3
            +---------+---------+-------+---------+---------+-------
        D:1 |      39 |       0 |   0.0 |      22 |       0 |   0.0
        D:2 |      65 |       2 |   3.0 |      21 |       1 |   4.5
            +---------+---------+-------+---------+---------+-------

Illustrated notes

Table legend:
 A = Kills in this place as a percentage of kills in entire the game.
 B = Kills by you in this place as a percentage of kills by you in the entire game.
 C = Kills by friends in this place as a percentage of kills by friends in the entire game.
 D = Other kills in this place as a percentage of other kills in the entire game.
 E = Experience gained in this place as a percentage of experience gained in the entire game.
 F = Experience gained in this place divided by the number of levels of this place that you have seen.
                   A       B       C       D       E      F
               +-------+-------+-------+-------+-------+----------------------
         Total | 100.0 | 100.0 |   N/A |   N/A | 100.0 |  26.5
       Dungeon | 100.0 | 100.0 |   N/A |   N/A | 100.0 |  35.3
               +-------+-------+-------+-------+-------+----------------------

Table legend: (Time is in decaauts)
 A = Elapsed time spent in this place.
 B = Non-inter-level travel time spent in this place.
 C = Inter-level travel time spent in this place.
 D = Time resting spent in this place.
 E = Time spent auto-exploring this place.
 F = Levels seen in this place.
 G = Mean time per level.
                   A        B        C        D        E       F      G
               +--------+--------+--------+--------+--------+-----+--------+
         Total |   1698 |   1680 |     18 |    209 |   1131 |   4 |  424.5 |
       Dungeon |   1690 |   1672 |     18 |    209 |   1130 |   3 |  563.3 |
         Abyss |      8 |      8 |      0 |      0 |      1 |   1 |    8.0 |
               +--------+--------+--------+--------+--------+-----+--------+

Top non-repeatable levels by time:
     D:2: 895 daAuts
     D:1: 780 daAuts
     D:3: 15 daAuts
 Abyss:1: 8 daAuts
